 Dungeon Crawl Stone Soup version 0.24-a0-459-g225fefd530 (webtiles) character file.

Game seed: 16931614101347168162

12 Iscandelvey the Vexing (level 2, 21/21 HPs)
             Began as a Demonspawn Arcane Marksman on June 28, 2019.
             Quit the game on level 1 of the Dungeon.
             The game lasted 00:00:45 (222 turns).

Iscandelvey the Vexing (Demonspawn Arcane Marksman)  Turns: 222, Time: 00:00:46

Health: 21/21      AC:  2    Str: 10    XL:     2   Next: 20%
Magic:  3/3        EV: 12    Int: 14    God:
Gold:   38         SH:  0    Dex: 13    Spells: 2/3 levels left

rFire    . . .     SeeInvis .   a - +0 hunting sling
rCold    . . .     Gourm    .   (no shield)
rNeg     . . .     Faith    .   e - +0 robe
rPois    .         Spirit   .   (no helmet)
rElec    .         Reflect  .   (no cloak)
rCorr    .         Harm     .   (no gloves)
MR       .....                  (no boots)
Stlth    +.........             (no amulet)
HPRegen  0.07/turn              (no ring)
MPRegen  0.08/turn              (no ring)

@: no status effects
A: demonic guardian 1
a: no special abilities


You were on level 1 of the Dungeon.
You were not hungry.

You visited 1 branch of the dungeon, and saw 1 of its levels.

You collected 38 gold pieces.

Inventory:

Hand Weapons
 a - a +0 hunting sling (weapon)
Missiles
 d - 16 sling bullets (quivered)
 h - 23 stones
Armour
 e - a +0 robe (worn)
Jewellery
 g - an uncursed ring of protection from magic {unknown}
Scrolls
 b - a scroll of noise {unknown}
 i - a scroll of identify {unknown}
Potions
 c - a potion of curing {unknown}
 j - a potion of cancellation {unknown}
Comestibles
 f - 2 rations


   Skills:
 + Level 1.0 Fighting
 + Level 2.0 Slings
 + Level 1.7 Dodging
 + Level 1.0 Spellcasting
 + Level 3.5 Hexes


You had 2 spell levels left.
You knew the following spells:

 Your Spells              Type           Power        Failure   Level  Hunger
a - Corona                Hex            ##.....      6%          1    ##.....

Your spell library contained the following spells:

 Spells                   Type           Power        Failure   Level  Hunger
 Slow                     Hex            ##......     10%         2    ###....
 Inner Flame              Hex/Fire       #.......     36%         3    ####...
 Portal Projectile        Hex/Tloc       #.....       36%         3    ####...
 Cause Fear               Hex            ##........   52%         4    #####..
 Leda's Liquefaction      Hex/Erth       #.........   77%         4    #####..


Dungeon Overview and Level Annotations

Branches:
Dungeon (1/15)

Altars:


Innate Abilities, Weirdness & Mutations

A weak demonic guardian rushes to your aid.


Message History

Aim: a rat You shoot a sling bullet.
The sling bullet hits the rat.
You kill the rat!
d - 13 sling bullets (gained 1)
You see here a rat corpse.
h - 23 stones
d - 14 sling bullets (gained 1)
d - 15 sling bullets (gained 1)
d - 16 sling bullets (gained 1)
There is a stone staircase leading down here.
i - a scroll labeled ADDAGI KIVEF No target in view!
Found a robe.
No target in view!
You now have 28 gold pieces (gained 12).
You now have 38 gold pieces (gained 10).
j - a clear potion No target in view!
Found a whip.
Are you sure you want to abandon this character and quit the game? (Confirm with "yes".)

#.##...........
..##.......... ...
..##.##..# #.# ...
####....# ##.###..)
..##....###..... ..
####.>...##..# .#
.............# .#
.........###.####.#
.............#..@.#
.........##......##
.......†.###.....#
.................#
.........#.......#
.................#
..............(..#
#.........†......#
#................#


There were no monsters in sight!

Vanquished Creatures
  2 giant cockroaches (D:1)
  3 goblins (D:1)
  2 hobgoblins (D:1)
  2 frilled lizards (D:1)
  2 rats (D:1)
11 creatures vanquished.

Notes
Turn   | Place    | Note
-------+----------+-------------------------------------------
     0 | D:1      | Iscandelvey the Demonspawn Arcane Marksman began the quest
                  | for the Orb.
     0 | D:1      | Reached XP level 1. HP: 15/15 MP: 2/2
    98 | D:1      | Gained mutation: A weak demonic guardian rushes to your
                  | aid. [demonic ancestry]
    98 | D:1      | Reached XP level 2. HP: 21/21 MP: 3/3
   222 | D:1      | Quit the game

Levels and vault maps discovered:
D:1:      dpeg_arrival_ternary, layout_rooms

Skill      XL: |  1 |
---------------+----+-----
Slings         | 2 |  2.0
Fighting       | |  1.0
Dodging        | |  1.7
Spellcasting   | |  1.0
Hexes          | |  3.5

Action                   || total
-------------------------++-------
 Fire: Hunting sling     ||    24
Dodge: Dodged            ||     3

Table legend:
 A = Non-vault XP
 B = Vault XP
 C = Vault XP percentage of total XP
 D = Non-vault monster count
 E = Vault monster count
 F = Vault count percentage of total count
                 A         B        C        D         E       F
            +---------+---------+-------+---------+---------+-------
      Total |      18 |       0 |   0.0 |      11 |       0 |   0.0
            +---------+---------+-------+---------+---------+-------
        D:1 |      18 |       0 |   0.0 |      11 |       0 |   0.0
            +---------+---------+-------+---------+---------+-------
